 Dungeon Crawl Stone Soup version 0.27.0-1-g7a089689b8 (webtiles) character file.

Game seed: 17144809830728126464

396 ZombieSheep the Fighter (level 6, -2/57 HPs)
             Began as a Gnoll Wanderer on Aug 6, 2021.
             Was a Priest of Lugonu.
             Slain by a sky beast (6 damage)
             ... on level 5 of the Dungeon.
             The game lasted 00:07:51 (4909 turns).

ZombieSheep the Fighter (Gnoll Wanderer)            Turns: 4909, Time: 00:07:52

Health: -2/57      AC:  6    Str: 15    XL:     6   Next: 82%
Magic:  9/9        EV: 10    Int:  9    God:    Lugonu [***...]
Gold:   128        SH:  0    Dex: 12    Spells: 9/9 levels left

rFire    . . .     SeeInvis .   a - +2 short sword
rCold    . . .     Faith    .   (no shield)
rNeg     + . .     Spirit   .   f - +0 scale mail
rPois    .         Reflect  .   (no helmet)
rElec    .         Harm     .   (no cloak)
rCorr    .         Rampage  .   (no gloves)
Will     .....                  (no boots)
Stlth    +.........             (no amulet)
HPRegen  0.19/turn              o - ring of positive energy
MPRegen  0.11/turn              (no ring)

@: hasted, slow
A: fangs 1, strong nose, distributed training
a: Renounce Religion, Depart the Abyss, Bend Space, Banish


You were on level 5 of the Dungeon.
You worshipped Lugonu.
Lugonu was most pleased with you.
You visited 1 branch of the dungeon, and saw 5 of its levels.

You collected 128 gold pieces.

Inventory:

Hand Weapons
 a - a +2 short sword (weapon)
 e - a +0 dagger
 k - a +0 war axe
Missiles
 j - 5 javelins (quivered)
Armour
 d - a +0 kite shield
 f - a +0 scale mail (worn)
Jewellery
 o - a ring of positive energy (left hand)
Scrolls
 c - 4 scrolls of teleportation
 n - a scroll of identify
Potions
 b - 2 potions of lignification
 g - a potion of curing {unknown}
 h - a potion of haste
 i - a potion of degeneration {unknown}
 l - 3 potions of flight
 m - a potion of heal wounds {unknown}
 p - a potion of brilliance {unknown}
 q - a potion of attraction {unknown}
 s - a potion of cancellation {unknown}


   Skills:
 + Level 8.8 Fighting
 + Level 5.0 Short Blades
 + Level 2.1 Long Blades
 + Level 2.1 Axes
 + Level 2.1 Maces & Flails
 + Level 2.1 Polearms
 + Level 2.1 Staves
 + Level 2.1 Slings
 + Level 2.1 Bows
 + Level 2.1 Crossbows
 + Level 2.1 Throwing
 + Level 3.3 Armour
 + Level 2.1 Dodging
 + Level 6.3 Stealth
 + Level 2.1 Shields
 + Level 2.1 Unarmed Combat
 + Level 2.1 Spellcasting
 + Level 1.7 Conjurations
 + Level 1.7 Hexes
 + Level 1.7 Summonings
 + Level 1.7 Necromancy
 + Level 1.7 Translocations
 + Level 1.7 Transmutations
 + Level 1.7 Fire Magic
 + Level 1.7 Ice Magic
 + Level 1.7 Air Magic
 + Level 1.7 Earth Magic
 + Level 1.7 Poison Magic
 + Level 2.3 Invocations
 + Level 2.1 Evocations


You had 9 spell levels left.
You didn't know any spells.
Your spell library contained the following spells:

 Spells                   Type           Power      Damage    Failure   Level
 Animate Skeleton         Necr           8%         N/A       52%         1
 Apportation              Tloc           8%         N/A       52%         1
 Corona                   Hex            4%         N/A       52%         1
 Summon Small Mammal      Summ           16%        N/A       52%         1
 Sublimation of Blood     Necr           2%         N/A       65%         2
 Wereblood                Tmut           4%         N/A       65%         2
 Summon Hydra             Summ           2%         N/A       100%        7


Dungeon Overview and Level Annotations

Branches:
Dungeon (5/15)
 Temple: D:4-7

Altars:
Dithmenos
Lugonu

Annotations:
D:4 2 transporters


Innate Abilities, Weirdness & Mutations

You have very sharp teeth.
Your uncanny sense of smell can sniff out nearby items.
Your experience applies equally to all skills.


Message History

The sky beast is heavily wounded.
The hound skeleton barely misses you.
The rain has left you waist-deep in water!
Splash!
You fall into the shallow water.
Moving in this stuff is going to be slow.
Your unstable footing causes you to fumble your attack.
The hound skeleton bites you but does no damage.
The sky beast hits you.
* * * LOW HITPOINT WARNING * * *
The sky beast shocks you.
* * * LOW HITPOINT WARNING * * *
You hit the sky beast.
The sky beast is severely wounded.
The hound skeleton barely misses you.
You hit the sky beast but do no damage.
The sky beast is severely wounded.
The sky beast completely misses you.
You barely miss the sky beast.
The sky beast is severely wounded.
The hound skeleton barely misses you.
You hit the sky beast.
The sky beast is severely wounded.
The sky beast completely misses you.
The hound skeleton bites you but does no damage.
Your unstable footing causes you to fumble your attack.
The hound skeleton barely misses you.
The sky beast flickers out of sight!
Deactivating autopickup; reactivate with Ctrl-A.
Something hits you but does no damage.
You miss something. You closely miss something.
The hound skeleton bites you but does no damage.
Something hits you but does no damage.
Your unstable footing causes you to fumble your attack.
The hound skeleton closely misses you.
You hit something but do no damage. Your bite misses something.
Something hits you.
* * * LOW HITPOINT WARNING * * *
Something shocks you.
You die...

#.....#.......)...
#....###..........
####..##.......... #
#...##.......... ..#
#....#.......... ....
##.............. .....
###...............
......#..###............
#{@.# #............
......#Z.##.............
..... ..................
.... .............#.#...
... ..#(.........##.##..
.. ...#.........# #.###.
. #..#.......... #.# #.
#.. ......... #.# #. #.
##


You could see a hound skeleton.

Vanquished Creatures
  A water moccasin zombie (D:3)
  A hound (D:4)
  3 orc wizards
  A hound skeleton (D:2)
  10 adders
  A white imp (D:5)
  An adder skeleton (D:5)
  2 worms
  2 dart slugs (D:1)
  10 orcs
  11 endoplasms
  2 giant cockroaches
  9 goblins
  13 hobgoblins
  6 jackals (D:1)
  6 kobolds
  4 quokkas
  7 ball pythons
  5 bats
  A frilled lizard (D:3)
  10 rats
106 creatures vanquished.

Notes
Turn   | Place    | Note
-------+----------+-------------------------------------------
     0 | D:1      | ZombieSheep the Gnoll Wanderer began the quest for the Orb.
     0 | D:1      | ZombieSheep set off with the following items: a +2 short
                  | sword, a potion of lignification, a scroll of
                  | teleportation, a +0 robe, a +0 dagger
     0 | D:1      | Reached XP level 1. HP: 26/26 MP: 1/1
    42 | D:1      | Reached XP level 2. HP: 28/33 MP: 2/2
   526 | D:1      | Reached XP level 3. HP: 38/38 MP: 3/3
   851 | D:1      | Found a faded altar of an unknown god.
   859 | D:1      | Became a worshipper of Lugonu the Unformed
   859 | D:1      | Reached * piety under Lugonu
   859 | D:1      | Reached ** piety under Lugonu
  1005 | D:1      | Reached skill level 1 in Invocations
  1213 | D:2      | Reached skill level 1 in Long Blades
  1213 | D:2      | Reached skill level 1 in Axes
  1213 | D:2      | Reached skill level 1 in Maces & Flails
  1213 | D:2      | Reached skill level 1 in Polearms
  1213 | D:2      | Reached skill level 1 in Staves
  1213 | D:2      | Reached skill level 1 in Slings
  1213 | D:2      | Reached skill level 1 in Bows
  1213 | D:2      | Reached skill level 1 in Crossbows
  1213 | D:2      | Reached skill level 1 in Throwing
  1213 | D:2      | Reached skill level 1 in Dodging
  1213 | D:2      | Reached skill level 1 in Shields
  1213 | D:2      | Reached skill level 1 in Unarmed Combat
  1213 | D:2      | Reached skill level 1 in Spellcasting
  1213 | D:2      | Reached skill level 1 in Evocations
  1325 | D:2      | Reached XP level 4. HP: 29/45 MP: 5/5
  1604 | D:2      | Reached skill level 1 in Conjurations
  1604 | D:2      | Reached skill level 1 in Hexes
  1604 | D:2      | Reached skill level 1 in Summonings
  1604 | D:2      | Reached skill level 1 in Necromancy
  1604 | D:2      | Reached skill level 1 in Translocations
  1604 | D:2      | Reached skill level 1 in Transmutations
  1604 | D:2      | Reached skill level 1 in Fire Magic
  1604 | D:2      | Reached skill level 1 in Ice Magic
  1604 | D:2      | Reached skill level 1 in Air Magic
  1604 | D:2      | Reached skill level 1 in Earth Magic
  1604 | D:2      | Reached skill level 1 in Poison Magic
  2190 | D:3      | Reached XP level 5. HP: 29/51 MP: 5/7
  2686 | D:3      | Reached *** piety under Lugonu
  2854 | D:3      | Found a shadowy altar of Dithmenos.
  3691 | D:4      | Found a transporter.
  3709 | D:4      | Found a transporter.
  3813 | D:4      | Reached XP level 6. HP: 57/57 MP: 8/8
  4074 | D:4      | Reached skill level 5 in Short Blades
  4321 | D:5      | Entered Level 5 of the Dungeon
  4873 | D:5      | Noticed a sky beast
  4909 | D:5      | Slain by a sky beast

Illustrated notes

Levels and vault maps discovered:
D:1:      lemuel_arrival_tunnels, layout_loops_corners,
          chequers_ecumenical_altar_simple, st_stairs_2
D:2:      layout_rooms
D:3:      layout_basic, grunt_dithmenos_smoke
D:4:      gammafunk_steamed_eel, layout_gridville
D:5:      layout_cave_pools, hangedman_decor_growths

Skill      XL: |  1  2  3  4  5  6 |
---------------+-------------------+-----
Stealth        | 6 |  6.3
Invocations    | 1 2 |  2.3
Long Blades    | 1 2 |  2.1
Axes           | 1 2 |  2.1
Maces & Flails | 1 2 |  2.1
Polearms       | 1 2 |  2.1
Staves         | 1 2 |  2.1
Slings         | 1 2 |  2.1
Bows           | 1 2 |  2.1
Crossbows      | 1 2 |  2.1
Throwing       | 1 2 |  2.1
Dodging        | 1 2 |  2.1
Shields        | 1 2 |  2.1
Unarmed Combat | 1 2 |  2.1
Spellcasting   | 1 2 |  2.1
Evocations     | 1 2 |  2.1
Conjurations   | 1 |  1.7
Hexes          | 1 |  1.7
Summonings     | 1 |  1.7
Necromancy     | 1 |  1.7
Translocations | 1 |  1.7
Transmutations | 1 |  1.7
Fire Magic     | 1 |  1.7
Ice Magic      | 1 |  1.7
Air Magic      | 1 |  1.7
Earth Magic    | 1 |  1.7
Poison Magic   | 1 |  1.7
Armour         | 3 |  3.3
Short Blades   | 5 |  5.0
Fighting       | |  8.8

Action                   |  1- 3 |  4- 6 || total
-------------------------+-------+-------++-------
Melee: Short sword       |    81 |   293 ||   374
       Bite              |     4 |    27 ||    31
       Punch             |       |     3 ||     3
  Use: Scroll            |     3 |     5 ||     8
       Potion            |       |     4 ||     4
 Stab: Sleeping          |    17 |    11 ||    28
       Distracted        |     1 |       ||     1
Armor: Robe              |    12 |       ||    12
       Ring mail         |       |    63 ||    63
       Skin              |       |    23 ||    23
       Scale mail        |       |    16 ||    16
Dodge: Dodged            |    33 |   115 ||   148
